 Dungeon Crawl Stone Soup version 0.20-a0-509-ga2a529b (webtiles) character file.

82 M4edhros the Vexing (level 4, -3/33 HPs)
             Began as a Formicid Arcane Marksman on Jan 22, 2017.
             Slain by a centaur zombie (6 damage)
             ... on level 7 of the Dungeon.
             The game lasted 00:03:34 (1745 turns).

M4edhros the Vexing (Formicid Arcane Marksman)      Turns: 1745, Time: 00:03:35

Health: -3/33      AC:  2    Str: 19      XL:     4   Next: 70%
Magic:  1/5        EV:  9    Int: 13      God:
Gold:   124        SH:  8    Dex: 10 (12) Spells: 4/5 levels left

rFire    . . .     SeeInvis +   a - +0 hand crossbow
rCold    . . .     Gourm    .   e - +0 robe
rNeg     . . .     Faith    .   o - +0 shield
rPois    .         Spirit   .   (helmet unavailable)
rElec    .         Reflect  .   (no cloak)
rCorr    .         Harm     .   (no gloves)
MR       .....                  (no boots)
Stlth    ++........             (no amulet)
Regen    0.2/turn               (no ring)
                                (no ring)

@: mighty
A: permanent stasis, dig shafts and tunnels, four strong arms, antennae 3
a: Dig, Shaft Self


You were on level 7 of the Dungeon.
You were not hungry.

You visited 1 branch of the dungeon, and saw 5 of its levels.

You collected 124 gold pieces.

Inventory:

Hand Weapons
 a - a +0 hand crossbow (weapon)
 m - a +0 flail
Missiles
 d - 19 bolts (quivered)
Armour
 e - a +0 robe (worn)
 o - a +0 shield (worn)
Jewellery
 b - a +5 amulet of reflection {unknown}
 i - an uncursed ring of flight {unknown}
Scrolls
 h - a scroll of immolation {unknown}
 p - a scroll of remove curse {unknown}
 q - a scroll of identify {unknown}
 r - a scroll of magic mapping {unknown}
Potions
 g - a potion of ambrosia
 j - a potion of might
Books
 c - a book of Debilitation

   Spells                             Type                      Level
   a - Corona                         Hexes                        1
   b - Slow                           Hexes                        2
   c - Gell's Gravitas                Hexes/Translocation          3
   d - Inner Flame                    Hexes/Fire                   3
   e - Cause Fear                     Hexes                        4
   f - Leda's Liquefaction            Hexes/Earth                  4
Comestibles
 f - 3 bread rations
 l - a chunk of flesh
 n - a meat ration


   Skills:
 + Level 1.7 Fighting
 * Level 2.5 Crossbows
 + Level 2.1 Dodging
 * Level 1.8 Stealth
 * Level 1.3 Shields
 - Level 1.1 Spellcasting
 * Level 4.6 Hexes


You had 4 spell levels left.
You knew the following spells:

 Your Spells              Type           Power        Failure   Level  Hunger
a - Corona                Hex            ##.....      24%         1    ##.....


Dungeon Overview and Level Annotations

Branches:
Dungeon (4/15)
 Temple: D:4-7

Altars:
Zin

Annotations:
D:4 Eustachio


Innate Abilities, Weirdness & Mutations

You cannot be hasted, slowed, berserked, paralysed or teleported.
You can dig through walls and to a lower floor.
Your four strong arms can wield two-handed weapons with a shield.
You have a pair of large antennae on your head. (SInv)


Message History

Aim: a centaur zombie (heavily damaged)
You shoot a bolt.
The bolt barely misses the centaur zombie.
The bolt hits the jelly.
The jelly is moderately wounded.
The centaur zombie barely misses you. You block the centaur zombie's attack.
Firing (i - inventory):
d - 21 bolts (quivered)
Press: ? - help, Shift-Dir - straight line, f/p - centaur zombie
Aim: a centaur zombie (heavily damaged)
You shoot a bolt. The bolt hits the centaur zombie.
The centaur zombie is severely damaged.
The centaur zombie closely misses you. The centaur zombie hits you.
* * * LOW HITPOINT WARNING * * *
Firing (i - inventory):
d - 20 bolts (quivered)
Press: ? - help, Shift-Dir - straight line, f/p - centaur zombie
Aim: a centaur zombie (severely damaged)
You shoot a bolt. The bolt hits the centaur zombie!
The centaur zombie is almost destroyed.
You block the centaur zombie's attack. The centaur zombie hits you.
You die...

#....
#...
#...
#..
#..
#J#
#Z#
#@#
##.#
#..#
#.##
#.#
..#
#.##
..
{o..


You could see a jelly and a centaur zombie.

Vanquished Creatures
  A gnoll (D:1)
  2 adders
  2 worms
  A dart slug (D:3)
  A leopard gecko (D:2)
  2 orcs (D:3)
  A ball python (D:1)
  3 giant cockroaches
  2 goblins (D:2)
  A hobgoblin (D:2)
  7 jackals
  4 quokkas (D:2)
  2 bats
  4 frilled lizards
  4 kobolds
  6 rats
  A plant (D:2)
44 creatures vanquished.

Vanquished Creatures (others)
  A plant (D:2)
1 creature vanquished.

Grand Total: 45 creatures vanquished

Notes
Turn   | Place    | Note
-------+----------+-------------------------------------------
     0 | D:1      | M4edhros the Formicid Arcane Marksman began the quest for the Orb.
     0 | D:1      | Reached XP level 1. HP: 15/15 MP: 2/2
   163 | D:1      | Reached skill level 1 in Stealth
   163 | D:1      | Reached XP level 2. HP: 20/21 MP: 3/3
   227 | D:1      | Reached skill level 4 in Hexes
   227 | D:1      | Reached XP level 3. HP: 23/26 MP: 4/4
   675 | D:2      | HP: 1/26 [adder (4)]
  1019 | D:2      | Found a faded altar of an unknown god.
  1105 | D:2      | Found a glowing silver altar of Zin.
  1113 | D:2      | Reached skill level 1 in Shields
  1132 | D:2      | Reached XP level 4. HP: 32/32 MP: 5/5
  1721 | D:4      | Noticed Eustachio
  1736 | D:4      | You fall through a shaft for 3 floors!
  1736 | D:7      | Noticed an orc warrior
  1745 | D:7      | Slain by a centaur zombie

Vault maps used:
D:1:      dpeg_arrival_shrine
D:2:      wad_woods_stonehenge, chequers_ecumenical_altar_twisty, first_bread
D:3:      uniq_natasha, uniq_terence
D:4:      uniq_eustachio, uniq_crazy_yiuf_cottage
D:7:      enter_ossuary_1, serial_shops, shop

Skill      XL: |  1  2  3 |
---------------+----------+-----
Stealth        | 1 |  1.8
Dodging        | 2 |  2.1
Hexes          | 4 |  4.6
Shields        | 1 |  1.3
Fighting       | |  1.7
Crossbows      | |  2.5
Spellcasting   | |  1.1

Action                   |  1- 3 |  4- 6 || total
-------------------------+-------+-------++-------
Melee: Flail             |    65 |    36 ||   101
 Fire: Hand crossbow     |    40 |    18 ||    58
 Abil: Shaft Self        |       |     1 ||     1
  Use: Potion            |     5 |     3 ||     8
 Stab: Sleeping          |     1 |     1 ||     2
  Eat: Chunk             |       |     3 ||     3
Armor: Robe              |    12 |     7 ||    19
       Skin              |     7 |       ||     7
Dodge: Dodged            |    41 |    24 ||    65
Block: Shield            |    15 |    22 ||    37
